 Dungeon Crawl Stone Soup version 0.26-a0-1129-gc5df7fbe6a (webtiles) character file.

Game seed: 4168275055233517039

203 hehateme the Cudgeller (level 5, -1/43 HPs)
             Began as a Gnoll Wanderer on Dec 19, 2020.
             Slain by a sky beast (4 damage)
             ... on level 3 of the Dungeon.
             The game lasted 00:06:58 (3693 turns).

hehateme the Cudgeller (Gnoll Wanderer)             Turns: 3693, Time: 00:06:59

Health: -1/43      AC:  2    Str: 18    XL:     5   Next: 81%
Magic:  9/9        EV: 12    Int: 13    God:
Gold:   84         SH:  0    Dex: 13    Spells: 9/10 levels left

rFire    + . .     SeeInvis .   a - +2 mace
rCold    + . .     Faith    .   (no shield)
rNeg     . . .     Spirit   .   d - +0 robe
rPois    +         Reflect  .   (no helmet)
rElec    +         Harm     .   (no cloak)
rCorr    +         Rampage  .   (no gloves)
Will     .....                  (no boots)
Stlth    ++........             (no amulet)
HPRegen  0.14/turn              (no ring)
MPRegen  0.11/turn              (no ring)

@: resistant, very slightly contaminated, hasted, invisible, very quick
A: distributed training, fangs 1, strong nose
a: no special abilities


You were on level 3 of the Dungeon.
You visited 1 branch of the dungeon, and saw 3 of its levels.

You collected 84 gold pieces.

Inventory:

Hand Weapons
 a - a +2 mace (weapon)
Missiles
 h - 133 stones
 i - 51 arrows
 l - 13 poisoned darts
 o - 2 throwing nets {=f}
 p - 13 sling bullets
 Q - 51 bolts
Armour
 d - a +0 robe (worn)
Jewellery
 b - an uncursed ring of magical power {unknown}
 c - an uncursed ring of flight {unknown}
 e - an uncursed amulet of reflection {unknown}
 k - a +6 ring of strength {unknown}
Scrolls
 f - 2 scrolls of teleportation {unknown}
 g - 4 scrolls of identify {unknown}
Potions
 m - a potion of invisibility


   Skills:
 + Level 4.8 Fighting
 + Level 1.6 Short Blades
 + Level 1.6 Long Blades
 + Level 1.6 Axes
 + Level 4.8 Maces & Flails
 + Level 1.6 Polearms
 + Level 1.6 Staves
 + Level 1.6 Slings
 + Level 1.6 Bows
 + Level 1.6 Crossbows
 + Level 1.6 Throwing
 + Level 3.0 Armour
 + Level 1.6 Dodging
 + Level 2.8 Stealth
 + Level 3.0 Shields
 + Level 1.6 Unarmed Combat
 + Level 3.2 Spellcasting
 + Level 1.3 Conjurations
 + Level 1.3 Hexes
 + Level 1.3 Summonings
 + Level 1.3 Necromancy
 + Level 1.3 Translocations
 + Level 1.3 Transmutations
 + Level 1.3 Fire Magic
 + Level 1.3 Ice Magic
 + Level 1.3 Air Magic
 + Level 1.3 Earth Magic
 + Level 4.0 Poison Magic
 + Level 1.8 Invocations
 + Level 1.6 Evocations


You had 9 spell levels left.
You knew the following spells:

 Your Spells              Type           Power        Failure   Level
a - Sting                 Tmut/Pois      36%          8%          1

Your spell library contained the following spells:

 Spells                   Type           Power        Failure   Level
 Ignite Poison            Fire/Tmut/Pois 7%           26%         3


Dungeon Overview and Level Annotations

Branches:
Dungeon (3/15)

Altars:
Elyvilon


Innate Abilities, Weirdness & Mutations

Your experience applies equally to all skills.
You have very sharp teeth.
Your uncanny sense of smell can sniff out nearby items.


Message History

The shadow imp misses you. The sky beast misses you.
It was a potion of invisibility.
You fade into invisibility!
The orc throws a stone.
The stone hits the shadow imp but does no damage.
The shadow imp gestures at you. Pain shoots through your body!
* * * LOW HITPOINT WARNING * * *
The sky beast hits you.
* * * LOW HITPOINT WARNING * * *
The sky beast shocks you. You resist.
* * * LOW HITPOINT WARNING * * *
You are very lightly contaminated with residual magic.
You take 12 damage, and have 4/43 hp.
GAME OVER YEAH!!
It was a potion of haste.
You feel yourself speed up.
The orc throws a stone.
The stone hits the shadow imp.
The shadow imp hits you.
* * * LOW HITPOINT WARNING * * *
The sky beast hits you.
You die...

### ########### ##.##
#.........#
##...###########@#######.#
#..............Y5## #.#
##...#####..)...o.#
#.######## ###.##
#.######.# ###.....<...
....# #.# #.#
##.........## ##..# ##.##
#.###...######.#
#..#####...### #.......#
#.# #........#...#
#####...# #.##
#..#####...#.# ##### #...

Skill      XL: |  1  2  3  4  5 |
---------------+----------------+-----
Invocations    | 1 |  1.8
Short Blades   | 1 |  1.6
Long Blades    | 1 |  1.6
Axes           | 1 |  1.6
Polearms       | 1 |  1.6
Staves         | 1 |  1.6
Slings         | 1 |  1.6
Bows           | 1 |  1.6
Crossbows      | 1 |  1.6
Throwing       | 1 |  1.6
Dodging        | 1 |  1.6
Unarmed Combat | 1 |  1.6
Evocations     | 1 |  1.6
Spellcasting   | 3 |  3.2
Conjurations   | 1 |  1.3
Hexes          | 1 |  1.3
Summonings     | 1 |  1.3
Necromancy     | 1 |  1.3
Translocations | 1 |  1.3
Transmutations | 1 |  1.3
Fire Magic     | 1 |  1.3
Ice Magic      | 1 |  1.3
Air Magic      | 1 |  1.3
Earth Magic    | 1 |  1.3
Armour         | 3 |  3.0
Shields        | 3 |  3.0
Poison Magic   | 4 |  4.0
Fighting       | |  4.8
Maces & Flails | |  4.8
Stealth        | |  2.8

Notes
Turn   | Place    | Note
-------+----------+-------------------------------------------
     0 | D:1      | hehateme the Gnoll Wanderer began the quest for the Orb.
     0 | D:1      | hehateme set off with the following items: a +2 mace, a
                  | potion of curing, a +0 robe; and the following spell
                  | memorised: Sting; and the following spells available to
                  | memorise: Ignite Poison
     0 | D:1      | Reached XP level 1. HP: 20/20 MP: 4/4
   106 | D:1      | Reached XP level 2. HP: 26/26 MP: 2/5
   370 | D:1      | Reached XP level 3. HP: 31/31 MP: 4/7
  1148 | D:2      | Reached skill level 1 in Invocations
  1215 | D:1      | HP: 6/31 [adder (5)]
  1217 | D:1      | Reached skill level 1 in Short Blades
  1217 | D:1      | Reached skill level 1 in Long Blades
  1217 | D:1      | Reached skill level 1 in Axes
  1217 | D:1      | Reached skill level 1 in Polearms
  1217 | D:1      | Reached skill level 1 in Staves
  1217 | D:1      | Reached skill level 1 in Slings
  1217 | D:1      | Reached skill level 1 in Bows
  1217 | D:1      | Reached skill level 1 in Crossbows
  1217 | D:1      | Reached skill level 1 in Throwing
  1217 | D:1      | Reached skill level 1 in Dodging
  1217 | D:1      | Reached skill level 1 in Unarmed Combat
  1217 | D:1      | Reached skill level 1 in Evocations
  1219 | D:1      | Reached XP level 4. HP: 11/38 MP: 8/8
  1618 | D:2      | Found a white marble altar of Elyvilon.
  1849 | D:2      | Reached skill level 3 in Spellcasting
  2274 | D:3      | Reached skill level 1 in Conjurations
  2274 | D:3      | Reached skill level 1 in Hexes
  2274 | D:3      | Reached skill level 1 in Summonings
  2274 | D:3      | Reached skill level 1 in Necromancy
  2274 | D:3      | Reached skill level 1 in Translocations
  2274 | D:3      | Reached skill level 1 in Transmutations
  2274 | D:3      | Reached skill level 1 in Fire Magic
  2274 | D:3      | Reached skill level 1 in Ice Magic
  2274 | D:3      | Reached skill level 1 in Air Magic
  2274 | D:3      | Reached skill level 1 in Earth Magic
  2291 | D:3      | HP: 8/38 [orc/+0 hand axe (4)]
  2293 | D:3      | HP: 1/38 [orc/+0 hand axe (7)]
  2296 | D:3      | Reached XP level 5. HP: 1/43 MP: 9/9
  2632 | D:3      | Noticed a sky beast
  3320 | D:3      | Reached skill level 3 in Armour
  3320 | D:3      | Reached skill level 3 in Shields
  3320 | D:3      | Reached skill level 4 in Poison Magic
  3692 | D:3      | HP: 9/43 [shadow imp/nerve-wracking pain (7)]
  3692 | D:3      | HP: 4/43 [sky beast (1)]
  3693 | D:3      | Slain by a sky beast

Table legend: (Time is in decaauts)
 A = Elapsed time spent in this place.
 B = Non-inter-level travel time spent in this place.
 C = Inter-level travel time spent in this place.
 D = Time resting spent in this place.
 E = Time spent auto-exploring this place.
 F = Levels seen in this place.
 G = Mean time per level.
                   A        B        C        D        E       F      G
               +--------+--------+--------+--------+--------+-----+--------+
         Total |   3726 |   3669 |     57 |   1169 |   1889 |   3 | 1242.0 |
       Dungeon |   3726 |   3669 |     57 |   1169 |   1889 |   3 | 1242.0 |
               +--------+--------+--------+--------+--------+-----+--------+

Top non-repeatable levels by time:
     D:1: 1516 daAuts
     D:3: 1310 daAuts
     D:2: 898 daAuts

Table legend:
 A = Kills in this place as a percentage of kills in entire the game.
 B = Kills by you in this place as a percentage of kills by you in the entire game.
 C = Kills by friends in this place as a percentage of kills by friends in the entire game.
 D = Other kills in this place as a percentage of other kills in the entire game.
 E = Experience gained in this place as a percentage of experience gained in the entire game.
 F = Experience gained in this place divided by the number of levels of this place that you have seen.
                   A       B       C       D       E      F
               +-------+-------+-------+-------+-------+----------------------
         Total | 100.0 | 100.0 |   N/A |   N/A | 100.0 |  96.7
       Dungeon | 100.0 | 100.0 |   N/A |   N/A | 100.0 |  96.7
               +-------+-------+-------+-------+-------+----------------------

Action                   |  1- 3 |  4- 6 || total
-------------------------+-------+-------++-------
Melee: Mace              |    46 |   122 ||   168
       Bite              |     1 |    16 ||    17
 Cast: Sting             |    23 |    32 ||    55
  Use: Potion            |     1 |     4 ||     5
 Stab: Distracted        |     1 |       ||     1
Armor: Robe              |     5 |    25 ||    30
Dodge: Dodged            |    19 |    95 ||   114

Vanquished Creatures
  3 orc wizards (D:3)
  3 adders
  A worm (D:3)
  3 dart slugs (D:1)
  4 leopard geckos (D:1)
  9 orcs (D:3)
  7 bats
  6 giant cockroaches
  6 goblins
  10 hobgoblins
  7 jackals
  7 kobolds
  5 frilled lizards
  5 rats
76 creatures vanquished. You could see a sky beast, a shadow imp and an orc.

Levels and vault maps discovered:
D:1:      minmay_arrival_solitary_statue, layout_loops_ring
D:2:      layout_rooms, elyvilon_altar_5
D:3:      layout_loops_ring, st_stairs_8
